 Dungeon Crawl Stone Soup version 0.23.2-1-ga50397a6bc (webtiles) character file.

Game seed: 2534933879919137910

475 Forgol the Chopper (level 6, -5/48 HPs)
             Began as a Mummy Fighter on Apr 17, 2019.
             Slain by an ogre
             ... wielding a +0 giant spiked club
              (10 damage)
             ... on level 4 of the Dungeon.
             The game lasted 00:07:45 (4441 turns).

Forgol the Chopper (Mummy Fighter)                  Turns: 4441, Time: 00:07:45

Health: -5/48      AC: 10    Str: 21    XL:     6   Next: 84%
Magic:  6/6        EV:  5    Int:  8    God:
Gold:   148        SH:  9    Dex: 11    Spells: 5/5 levels left

rFire    x . .     SeeInvis .   f - +1 broad axe
rCold    + . .     Gourm    .   c - +0 shield
rNeg     + + +     Faith    .   g - +0 chain mail
rPois    ∞         Spirit   .   (no helmet)
rElec    .         Reflect  .   i - +0 cloak
rCorr    .         Harm     .   (no gloves)
MR       .....                  (no boots)
Stlth    ..........             (no amulet)
HPRegen  0.16/turn              (no ring)
MPRegen  0.10/turn              (no ring)

@: no status effects
A: no food or potions, fire vulnerability, cold resistance 1, negative energy
resistance 3, torment resistance, unbreathing
a: no special abilities


You were on level 4 of the Dungeon.
You were not hungry.

You visited 1 branch of the dungeon, and saw 4 of its levels.
You also visited: Sewer.

You collected 148 gold pieces.

Inventory:

Hand Weapons
 a - a +1 war axe
 f - a +1 broad axe (weapon)
Armour
 b - a +0 scale mail
 c - a +0 shield (worn)
 g - a +0 chain mail (worn)
 i - a +0 cloak (worn)
Scrolls
 d - a scroll of identify
 e - a scroll of magic mapping
 h - 2 scrolls of remove curse {unknown}
 j - a scroll of noise {unknown}
 k - a scroll of immolation {unknown}


   Skills:
 + Level 4.1 Fighting
 * Level 4.5 Axes
 + Level 3.3 Armour
 + Level 3.4 Shields


You had 5 spell levels left.
You didn't know any spells.
Your spell library was empty.

Dungeon Overview and Level Annotations

Branches:
Dungeon (4/15)
 Temple: D:4-7

Altars:
Ashenzari
Kikubaaqudgha

Shops:
D:4 =

Annotations:
D:3 1 runed translucent door, luab's ghost, amateur GnHu


Innate Abilities, Weirdness & Mutations

You do not eat or drink.
Your flesh is vulnerable to fire.
You are immune to poison.
Your flesh is cold resistant. (rC+)
You are immune to negative energy. (rN+++)
You are immune to unholy pain and torment.
You can survive without breathing.


Message History

The ogre hits you but does no damage.
You hit the ogre.
The ogre is moderately wounded.
The ogre hits you with a +0 giant spiked club!!
* * * LOW HITPOINT WARNING * * *
You are too injured to fight recklessly!
You are too injured to fight recklessly!
You are too injured to fight recklessly!
You hit the ogre.
The ogre is heavily wounded.
The ogre hits you with a +0 giant spiked club.
* * * LOW HITPOINT WARNING * * *
You closely miss the ogre.
The ogre is heavily wounded.
You block the ogre's attack.
You can't drink.
You slash the ogre!
The ogre is almost dead.
The ogre hits you with a +0 giant spiked club!
You die...

#.# ###########.#
#...........#
#.#########.# #.# #.#
##.###### #.#
#.......####.#######
#..................#
#...@..............#
#..?O..............#
#.......####.#######
#.....[.# #.#
#.......# #.########
#.......####>........
##.#######!.......###
#. #...........
#.........##


You could see an ogre.

Vanquished Creatures
  An ogre (D:4)
  A big kobold (Sewer)
  An orc wizard (D:3)
  Terence (D:2)
  An iguana (D:4)
  A worker ant (D:4)
  A hound zombie (D:3)
  5 adders
  7 gnolls
  A worm (D:4)
  3 dart slugs
  2 leopard geckos
  5 orcs
  8 bats
  2 giant cockroaches
  11 goblins
  5 hobgoblins
  7 jackals
  A quokka (D:3)
  7 frilled lizards
  10 kobolds
  13 rats
94 creatures vanquished.

Notes
Turn   | Place    | Note
-------+----------+-------------------------------------------
     0 | D:1      | Forgol the Mummy Fighter began the quest for the Orb.
     0 | D:1      | Reached XP level 1. HP: 18/18 MP: 1/1
   168 | D:1      | Reached XP level 2. HP: 24/24 MP: 2/2
   652 | D:1      | Reached XP level 3. HP: 21/29 MP: 3/3
  1069 | D:2      | Noticed Terence
  1078 | D:2      | Killed Terence
  1101 | D:2      | Reached XP level 4. HP: 29/35 MP: 4/4
  2013 | D:3      | Reached XP level 5. HP: 23/41 MP: 5/5
  2364 | D:3      | Noticed luab's ghost (amateur GnHu)
  2367 | D:3      | Found a runed translucent door.
  3394 | D:4      | Noticed an ogre
  3397 | D:4      | Killed an ogre
  3397 | D:4      | Reached XP level 6. HP: 16/48 MP: 6/6
  3698 | D:4      | Found Xifel's Jewellery Emporium.
  3726 | D:4      | Found a shattered altar of Ashenzari.
  3919 | D:4      | Found a glowing drain.
  3969 | Sewer    | Entered a sewer
  4306 | Sewer    | Found a glowing silver altar of Zin.
  4389 | D:4      | Found an ancient bone altar of Kikubaaqudgha.
  4441 | D:4      | Slain by an ogre

Skill      XL: |  1  2  3  4  5  6 |
---------------+-------------------+-----
Axes           | 2 3 4 |  4.5
Armour         | 3 |  3.3
Shields        | 3 |  3.4
Fighting       | 4 |  4.1

Action                   |  1- 3 |  4- 6 || total
-------------------------+-------+-------++-------
Melee: War axe           |   112 |    29 ||   141
       Broad axe         |       |   288 ||   288
  Use: Scroll            |     2 |     3 ||     5
Armor: Scale mail        |    43 |    11 ||    54
       Chain mail        |       |   184 ||   184
Dodge: Dodged            |    48 |    65 ||   113
Block: Shield            |    67 |   154 ||   221
